 Dungeon Crawl Stone Soup version 0.27-a0-972-gd1521fd518 (webtiles) character file.

Game seed: 8052547048444124751

56 polve the Skirmisher (level 3, 0/29 HPs)
             Began as a Demonspawn Abyssal Knight on Apr 13, 2021.
             Was a Follower of Lugonu.
             Slain by Sigmund
             ... wielding a +0 scythe
              (9 damage)
             ... on level 2 of the Dungeon.
             The game lasted 00:01:14 (1676 turns).

polve the Skirmisher (Demonspawn Abyssal Knight)    Turns: 1676, Time: 00:01:14

Health: 0/29       AC:  3    Str: 13    XL:     3   Next: 69%
Magic:  4/4        EV: 11    Int: 13    God:    Lugonu [*.....]
Gold:   88         SH:  0    Dex: 12    Spells: 2/2 levels left

rFire    . . .     SeeInvis .   f - +0 rapier
rCold    . . .     Faith    .   (no shield)
rNeg     . . .     Spirit   .   b - +0 leather armour
rPois    .         Reflect  .   (no helmet)
rElec    .         Harm     .   (no cloak)
rCorr    .         Rampage  .   (no gloves)
Will     .....                  (no boots)
Stlth    +.........             (no amulet)
HPRegen  0.09/turn              (no ring)
MPRegen  0.18/turn              (no ring)

@: no status effects
A: claws 1, magic regeneration
a: Renounce Religion, Depart the Abyss


You were on level 2 of the Dungeon.
You worshipped Lugonu.
Lugonu was aware of your devotion.
You visited 1 branch of the dungeon, and saw 2 of its levels.
You visited the Abyss 1 time.

You collected 88 gold pieces.

Inventory:

Hand Weapons
 a - a +1 short sword
 f - a +0 rapier (weapon)
Armour
 b - a +0 leather armour (worn)
Scrolls
 c - 2 scrolls of identify {unknown}
 e - a scroll of teleportation {unknown}


   Skills:
 - Level 3.0 Fighting
 - Level 2.6 Short Blades
 - Level 1.7 Armour
 - Level 0.8 Dodging
 + Level 2.3 Unarmed Combat
 - Level 2.4 Invocations


You had 2 spell levels left.
You didn't know any spells.
Your spell library contained the following spells:

 Spells                   Type           Power      Damage    Failure   Level
 Animate Skeleton         Necr           0%         N/A       36%         1
 Apportation              Tloc           0%         N/A       36%         1
 Corona                   Hex            0%         N/A       36%         1
 Summon Small Mammal      Summ           0%         N/A       36%         1


Dungeon Overview and Level Annotations

Branches:
Dungeon (2/15)

Altars:
Hepliaklqana

Shops:
D:1 (

Annotations:
D:2 Sigmund


Innate Abilities, Weirdness & Mutations

You have sharp fingernails.
You regenerate magic rapidly.


Message History

You are too confused!
You are too confused!
You are too confused!
You are too confused!
You are too confused!
You are too confused!
You are too confused!
You feel better.
Sigmund hits you from afar with a +0 scythe!
Sigmund barely misses you.
You barely miss Sigmund. Sigmund hits you with a +0 scythe.
You hit Sigmund.
Sigmund is lightly wounded.
Sigmund closely misses you.
You hit Sigmund.
Sigmund is lightly wounded.
Sigmund hits you but does no damage. Sigmund hits you with a +0 scythe.
Your leather armour prevents you from hitting Sigmund.
Sigmund is lightly wounded.
Sigmund barely misses you.
You feel better. Sigmund hits you with a +0 scythe!
You hit Sigmund.
Sigmund is moderately wounded.
Sigmund hits you with a +0 scythe.
* * * LOW HITPOINT WARNING * * *
You completely miss Sigmund.
Sigmund is moderately wounded.
Sigmund barely misses you.
You closely miss Sigmund.
Sigmund is moderately wounded.
Sigmund says, "Look into my eyes."
Sigmund casts a spell at you. You resist with significant effort.
You hit Sigmund.
Sigmund is heavily wounded.
Sigmund closely misses you.
You hit Sigmund.
Sigmund is heavily wounded.
Sigmund hits you with a +0 scythe!
You die...

#.##.# .....
## #....#
....# ..
#.#### ## #
##. #.# # ...
#.# #
##.####.# #
#.....#.# #
##.#..#.#####
#
#..@@.......#
#
#.......###.#
# #.....###
#...#..
##.##.## #.
#.# #. ..# ##
###


You could see Sigmund.

Vanquished Creatures
  Jessica (D:2)
  2 endoplasms (D:2)
  3 giant cockroaches
  4 hobgoblins
  2 jackals (D:1)
  5 kobolds
  A quokka (D:1)
  A ball python (D:1)
  2 bats
  A frilled lizard (D:2)
  2 goblins
  A rat (D:1)
25 creatures vanquished.

Notes
Turn   | Place    | Note
-------+----------+-------------------------------------------
     0 | Abyss:1  | polve the Demonspawn Abyssal Knight began the quest for the
                  | Orb.
     0 | Abyss:1  | Reached XP level 1. HP: 18/18 MP: 2/2
    74 | Abyss:2  | Noticed an iron imp
    74 | Abyss:2  | Noticed a demonic crawler
    75 | Abyss:2  | Noticed a large abomination
    75 | Abyss:2  | Noticed a chaos spawn
    76 | D:1      | Escaped the Abyss
   280 | D:1      | Reached * piety under Lugonu
   281 | D:1      | Gained mutation: You have sharp fingernails. [demonic
                  | ancestry]
   281 | D:1      | Reached XP level 2. HP: 7/24 MP: 3/3
   955 | D:1      | Found a faded altar of an unknown god.
  1095 | D:1      | Found Tobu Cui's Antique Weapon Shoppe.
  1294 | D:2      | Found a hazy altar of Hepliaklqana.
  1296 | D:2      | Noticed Jessica
  1302 | D:2      | Killed Jessica
  1303 | D:2      | Gained mutation: You regenerate magic rapidly. [demonic
                  | ancestry]
  1303 | D:2      | Reached XP level 3. HP: 24/29 MP: 4/4
  1662 | D:2      | Noticed Sigmund
  1676 | D:2      | Slain by Sigmund

Illustrated notes

Levels and vault maps discovered:
D:1:      mrwooster_arrival_statue, layout_basic, serial_shops, shop,
          hellmonk_ecumenical_altar_inner_sanctum, minmay_pentomino_u4
D:2:      layout_basic, basic_altar, grunt_ministairs_13, uniq_jessica,
          uniq_sigmund

Skill      XL: |  1  2 |
---------------+-------+-----
Short Blades   | 2 |  2.6
Unarmed Combat | 2 |  2.3
Fighting       | |  3.0
Armour         | |  1.7
Dodging        | |  0.8
Invocations    | |  2.4

Action                   || total
-------------------------++-------
Melee: Short sword       ||    70
       Rapier            ||    11
Invok: Depart the Abyss  ||     1
  Use: Potion            ||     3
Armor: Leather armour    ||    19
Dodge: Dodged            ||    35

Table legend: (Time is in decaauts)
 A = Elapsed time spent in this place.
 B = Non-inter-level travel time spent in this place.
 C = Inter-level travel time spent in this place.
 D = Time resting spent in this place.
 E = Time spent auto-exploring this place.
 F = Levels seen in this place.
 G = Mean time per level.
                   A        B        C        D        E       F      G
               +--------+--------+--------+--------+--------+-----+--------+
         Total |   1673 |   1645 |     28 |      0 |   1468 |   4 |  418.2 |
       Dungeon |   1598 |   1570 |     28 |      0 |   1409 |   2 |  799.0 |
         Abyss |     75 |     75 |      0 |      0 |     59 |   2 |   37.5 |
               +--------+--------+--------+--------+--------+-----+--------+

Top non-repeatable levels by time:
     D:1: 1200 daAuts
     D:2: 398 daAuts
 Abyss:1: 50 daAuts
 Abyss:2: 25 daAuts
